Map: Neon Violet Square LE

Players

Stephano - Winner!

  • Race: Zerg Zerg
  • Spawn Location: 11:00

Zest

  • Race: Protoss Protoss
  • Spawn Location: 5:00

Event: IEM Season 12 - PyeongChang

VOD

Have the link to the VOD?

Description

Time

  • Played on: Feb. 4, 2018, 10:31 p.m.
  • Length: 10:27

All games in this series

Show
View Real Time Build Order
Export as new Build Order

Stephano Zerg - Winner!

Build Orders: Hatch First 

Get SALT Encoding   

  12  0:00  Drone  
  13  0:13  Overlord  
  13  0:18  Drone  
  14  0:31  Drone x2  
  16  0:49  Hatchery  
  15  0:52  Drone  
  15  0:56  Drone  
  17  0:59  Drone  
  18  1:10  Extractor  
  17  1:15  Spawning Pool  
  17  1:18  Drone  
  17  1:22  Drone  
  18  1:28  Drone  
  19  1:40  Drone  
  20  1:50  Drone  
  21  2:01  Drone x2  
  23  2:02  Queen  
  23  2:04  Queen  
  27  2:12  Zergling x2  
  27  2:14  Metabolic Boost  
  28  2:16  Overlord  
  28  2:35  Drone  
  28  2:36  Hatchery, Drone  
  29  2:43  Queen  
  31  2:45  Zergling x2  
  31  2:48  Drone  
  33  2:51  Drone  
  33  2:55  Overlord  
  34  3:00  Drone x2  
  36  3:14  Spore Crawler  
  36  3:15  Drone  
  36  3:18  Drone x2  
  36  3:19  Drone  
  39  3:20  Spore Crawler, Drone  
  39  3:22  Drone  
  39  3:25  Drone  
  41  3:27  Overlord  
  41  3:30  Drone  
  42  3:35  Drone  
  42  3:41  Overlord x2  
  43  3:46  Lair  
  43  3:48  Drone  
  43  3:49  Extractor  
  43  3:50  Drone  
  43  3:53  Drone  
  45  3:57  Drone  
  45  3:59  Zergling x2  
  45  4:00  Drone x3  
  45  4:02  Drone  
  51  4:17  Drone x5  
  54  4:19  Drone  
  54  4:21  Drone  
  56  4:25  Drone  
  56  4:26  Spore Crawler  
  56  4:28  Queen  
  56  4:29  Drone  
  59  4:33  Drone x2  
  61  4:44  Overlord  
  59  4:47  Extractor  
  59  4:48  Hydralisk Den  
  59  4:51  Overlord  
  57  4:56  Overlord x2  
  54  5:11  Drone x3  
  54  5:12  Drone x2  
  58  5:15  Extractor  
  58  5:20  Grooved Spines, Hydralisk x4  
  65  5:27  Overseer  
  65  5:28  Hydralisk  
  65  5:32  Zergling x16  
  75  5:41  Hydralisk x2  
  79  5:44  Overlord  
  79  5:47  Hydralisk  
  79  5:49  Zergling x6  
  84  5:57  Hydralisk x2  
  86  6:05  Drone x5  
  91  6:15  Hydralisk x2  
  91  6:16  Hydralisk x2  
  99  6:24  Drone  
  99  6:29  Drone  
  99  6:30  Drone  
  99  6:32  Drone x2  
  102  6:33  Drone  
  102  6:34  Overlord  
  102  6:35  Overlord  
  102  6:39  Overlord  
  101  6:41  Evolution Chamber  
  101  6:42  Overlord  
  98  6:50  Extractor  
  98  6:51  Overlord  
  97  6:55  Muscular Augments  
  97  6:58  Pneumatized Carapace  
  96  7:11  Drone x3  
  96  7:13  Drone  
  96  7:14  Hydralisk x3  
  105  7:16  Overlord  
  105  7:17  Hatchery  
  105  7:20  Drone x2, Extractor  
  105  7:27  Drone  
  105  7:28  Drone x3  
  110  7:30  Drone x2  
  110  7:31  Zerg Missile Weapons Level 1  
  110  7:33  Drone x2  
  113  7:40  Queen  
  115  7:46  Baneling Nest, Hydralisk x3  
  120  7:58  Hydralisk x5  
  120  8:01  Overlord  
  130  8:19  Hydralisk x7  
  130  8:20  Hydralisk  
  130  8:22  Drone x2  
  130  8:24  Drone  
  148  8:29  Drone  
  148  8:30  Drone  
  148  8:32  Overlord x2  
  148  8:33  Drone x2  
  152  8:36  Drone x2  
  153  8:42  Baneling x9  
  153  8:44  Zergling x6  
  156  8:58  Zergling x2  
  156  8:59  Zergling x22  
  156  9:01  Baneling x4  
  168  9:17  Overlord  
  168  9:21  Hatchery  
  168  9:22  Drone  
  168  9:23  Drone  
  167  9:36  Zergling x16  
  167  9:38  Hydralisk x5  
  154  9:41  Zergling x4  
  154  9:45  Evolution Chamber, Infestation Pit  
  158  9:55  Hydralisk  
  158  9:56  Hydralisk x7  
Show
View Real Time Build Order
Export as new Build Order

Zest Protoss 

Build Orders: 1 Gate Expand, Oracle Opening, Phoenix Opening, Archon Immortal, Zealot Archon, Archon Drop 

Get SALT Encoding   

  12  0:00  Probe  
  13  0:12  Probe  
  14  0:18  Pylon  
  14  0:24  Probe (Chrono Boost)  
  15  0:37  Probe (Chrono Boost)  
  15  0:40  Gateway  
  16  0:45  Probe (Chrono Boost)  
  16  0:47  Assimilator  
  17  0:51  Probe  
  18  1:03  Probe  
  19  1:15  Probe  
  20  1:27  Nexus  
  20  1:36  Cybernetics Core  
  20  1:39  Probe  
  21  1:45  Assimilator  
  21  1:51  Probe  
  22  1:55  Pylon  
  22  2:03  Probe  
  23  2:11  Adept (Chrono Boost)  
  25  2:17  Stargate  
  25  2:19  Probe  
  26  2:24  Warp Gate  
  26  2:30  Adept  
  26  2:33  Probe (Chrono Boost)  
  29  2:38  Probe (Chrono Boost)  
  31  2:48  Probe x2 (Chrono Boost)  
  32  2:53  Probe (Chrono Boost)  
  32  2:55  Probe  
  34  2:59  Phoenix (Chrono Boost)  
  34  3:05  Probe  
  37  3:07  Probe  
  38  3:14  Oracle (Chrono Boost)  
  38  3:17  Probe  
  38  3:19  Probe  
  43  3:22  Pylon  
  43  3:29  Probe  
  43  3:31  Probe  
  43  3:33  Gateway  
  46  3:41  Oracle (Chrono Boost), Probe  
  46  3:43  Probe  
  50  3:49  Assimilator  
  50  3:51  Pylon  
  50  3:53  Probe  
  50  3:54  Assimilator  
  51  3:55  Probe  
  52  4:03  Robotics Facility  
  52  4:05  Probe  
  53  4:15  Probe  
  54  4:21  Twilight Council  
  54  4:22  Probe  
  55  4:28  Gateway  
  55  4:30  Gateway  
  55  4:32  Probe  
  55  4:33  Pylon  
  55  4:34  Probe  
  57  4:46  Nexus  
  57  4:47  Pylon  
  57  4:49  Warp Prism (Chrono Boost)  
  59  5:01  Templar Archives  
  59  5:04  Charge (Chrono Boost)  
  61  5:19  Gateway  
  61  5:21  Gateway x2  
  59  5:22  Gateway  
  59  5:28  Probe x2  
  61  5:33  Pylon  
  61  5:37  Pylon  
  61  5:43  High Templar x3  
  61  5:44  High Templar  
  61  5:46  Pylon  
  61  5:47  Archon x2  
  69  5:53  Observer  
  70  5:59  Forge  
  70  6:05  Probe x3  
  73  6:14  Assimilator x2  
  73  6:17  Probe  
  73  6:18  Probe  
  75  6:21  Psionic Storm  
  75  6:33  Probe x2  
  77  6:40  Protoss Ground Weapons Level 1 (Chrono Boost)  
  77  6:43  Probe  
  77  6:45  Probe  
  75  6:50  Zealot x6, High Templar x2  
  91  7:00  Pylon, Immortal (Chrono Boost)  
  95  7:14  Nexus  
  95  7:17  Pylon, Robotics Facility  
  95  7:19  High Templar  
  95  7:20  Zealot x3, High Templar  
  105  7:26  Pylon  
  105  7:30  Immortal (Chrono Boost)  
  109  7:38  Probe  
  109  7:39  Probe x2  
  112  7:51  Photon Cannon  
  112  7:53  Pylon  
  112  7:55  High Templar x2  
  116  7:59  Archon  
  116  8:04  Immortal (Chrono Boost)  
  120  8:06  Immortal  
  118  8:20  High Templar x2  
  118  8:21  Zealot x4  
  133  8:27  Oracle  
  133  8:29  Archon  
  133  8:31  Probe x4  
  137  8:37  Pylon  
  137  8:45  Observer (Chrono Boost)  
  137  8:48  Probe x4  
  146  8:49  Immortal (Chrono Boost)  
  146  9:06  Photon Cannon  
  146  9:07  Assimilator  
  146  9:12  Assimilator  
  144  9:17  Photon Cannon  
  144  9:20  Pylon  
  144  9:21  Immortal (Chrono Boost)  
  144  9:23  Immortal (Chrono Boost)  
  129  9:41  Zealot x8  
  128  9:54  Immortal (Chrono Boost)  
  114  10:04  Zealot  
  114  10:05  Zealot x7  

Tags
 
Add a new tag
Caveats
  • Supply blocks, unpowered buildings, or Contaminate may cause inaccurate times.
  • Supply counts are checked every 10 seconds.